 Dungeon Crawl Stone Soup version 0.24.0-13-gcf9b319 (webtiles) character file.

Game seed: 12459677057642415186, levelgen mode: deterministic

3476 Dabs the Basher (level 9, 0/67 HPs)
             Began as a Demonspawn Fighter on Jan 15, 2020.
             Was a Follower of Qazlal.
             Slain by an orc warrior
             ... wielding a +0 glaive
              (20 damage)
             ... on level 8 of the Dungeon.
             The game lasted 00:13:17 (9237 turns).

Dabs the Basher (Demonspawn Fighter)                Turns: 9237, Time: 00:13:17

Health: 0/67       AC: 12    Str: 24      XL:     9   Next: 79%
Magic:  0/9        EV: 14    Int: 11      God:    Qazlal [*.....]
Gold:   438        SH:  1    Dex: 10 (12) Spells: 8/8 levels left

rFire    . . .     SeeInvis .   u - +0 whip (flame)
rCold    . . .     Gourm    .   (no shield)
rNeg     . . .     Faith    .   b - +0 scale mail
rPois    +         Spirit   +   (helmet restricted)
rElec    .         Reflect  .   r - +1 cloak
rCorr    .         Harm     .   (no gloves)
MR       .....                  q - +2 pair of boots
Stlth    ..........             (no amulet)
HPRegen  0.21/turn              e - ring of poison resistance
MPRegen  0.11/turn              (no ring)

@: mighty
A: horns 2, repulsion field 2, demonic guardian 1, magic shield
a: Renounce Religion


You were on level 8 of the Dungeon.
You worshipped Qazlal.
Qazlal was aware of your devotion.
You were not hungry.

You visited 1 branch of the dungeon, and saw 8 of its levels.
You also visited: Ossuary.

You collected 438 gold pieces.

Inventory:

Hand Weapons
 l - a +0 great mace
 u - a +0 whip of flaming (weapon)
Armour
 b - a +0 scale mail (worn)
 c - a +0 shield
 q - a +2 pair of boots (worn)
 r - a +1 cloak (worn)
Magical Staves
 B - an uncursed staff of power {unknown}
Jewellery
 e - a ring of poison resistance (left hand)
Wands
 s - a wand of digging (4)
 w - a wand of polymorph (6)
 x - a wand of flame (12)
Scrolls
 i - 3 scrolls of fear
 j - a scroll of summoning {unknown}
 k - 4 scrolls of teleportation {unknown}
 m - 2 scrolls of immolation
 n - a scroll of fog
 o - 4 scrolls of remove curse
 p - a scroll of vulnerability
 v - a scroll of enchant armour {unknown}
 y - 2 scrolls of amnesia
 A - a scroll of enchant weapon {unknown}
 C - a scroll of random uselessness {unknown}
 D - 2 scrolls of identify
Potions
 a - a potion of curing {unknown}
 d - 3 potions of lignification
 g - 4 potions of agility
 h - a potion of brilliance
 t - 2 potions of ambrosia
 z - a potion of might
 E - a potion of mutation {unknown}
Comestibles
 f - 14 rations
 F - 2 chunks of flesh


   Skills:
 + Level 4.9 Fighting
 * Level 9.9 Maces & Flails
 + Level 5.0 Armour
 + Level 3.5 Dodging
 + Level 1.3 Stealth
 + Level 2.8 Shields
 * Level 4.2 Unarmed Combat
 + Level 0.6 Evocations


You had 8 spell levels left.
You didn't know any spells.
Your spell library contained the following spells:

 Spells                   Type           Power        Failure   Level  Hunger
 Flame Tongue             Conj/Fire      #....        63%         1    ##.....
 Throw Flame              Conj/Fire      #.....       77%         2    ###....
 Conjure Flame            Conj/Fire      #.......     94%         3    ####...
 Inner Flame              Hex/Fire       #.......     94%         3    ####...
 Sticky Flame             Conj/Fire      #.......     100%        4    #####..
 Fireball                 Conj/Fire      #.........   100%        5    ######.


Dungeon Overview and Level Annotations

Branches:
Dungeon (8/15)             Temple (0/1) D:7         Ossuary (visited)
   Lair: D:8-11

Altars:
Fedhas
Hepliaklqana
Qazlal
Ru
Wu Jian
Zin
The Shining One

Shops:
D:4 **!(   D:8 %

Annotations:
D:4 3 runed translucent doors, OhItsWolfy's ghost, amateur HOFi
D:7 exclusion: oklob plant


Innate Abilities, Weirdness & Mutations

You have a pair of horns on your head.
You are surrounded by a moderate repulsion field. (EV +3)
A weak demonic guardian rushes to your aid.
When hurt, damage is shared between your health and your magic reserves.


Message History

What are your orders? t - Shout!
Orders for allies: a - Attack new target. r - Retreat! s - Stop attacking. g - Guard the area. f - Follow me.
Anything else - Cancel.
Gang up on whom?
Press: ? - help, Dir - move target cursor, f - orc warrior
Aim: an orc warrior, wielding a +0 glaive and wearing a +4 chain mail (moderately wounded) Attack!
The orc hits your white imp with a +0 whip.
You feel very mighty all of a sudden. The orc hits you with a +0 mace.
The orc warrior hits you from afar with a +0 glaive!
* * * LOW HITPOINT WARNING * * *
You whack the orc! You burn the orc.
You kill the orc!
Qazlal accepts your kill.
The orc warrior hits you from afar with a +0 glaive!!
You die...

###.#### #########
#.....##
#.o.oooo###.....##
#o#..o.o##......#.
#5#ooooo##........
#o#ooooo#.........
#o#oooo.#.........
#)#o....#.......#.
##@#######.........
###..# #..........##.
##...####........#....
##..#####........##....
###....##..........#
...
#.>...................
#.....................
#..#.......#..........#
#..#....#..###.........


You could see an orc warrior, 3 orcs and a friendly white imp.

Vanquished Creatures
  Pikel (D:7)
  A hippogriff (D:7)
  An orc warrior (D:7)
  Purgy (D:3)
  An ogre (D:4)
  3 phantoms
  A sky beast (D:8)
  A centaur (D:5)
  Blork the orc (D:6)
  8 elf zombies (Ossuary)
  2 bullfrogs
  A scorpion (D:4)
  A killer bee (D:7)
  4 howler monkeys
  2 crimson imps
  A quasit (D:8)
  A centaur zombie (D:2)
  4 human zombies (Ossuary)
  2 orc priests
  3 bullfrog skeletons
  A jelly (D:8)
  An orc wizard (D:4)
  8 worker ants
  A killer bee zombie (D:8)
  A hound skeleton (D:4)
  2 mummies (Ossuary)
  A howler monkey zombie (D:6)
  3 gnolls (D:1)
  13 adders
  A shadow imp (D:8)
  4 oozes
  2 adder skeletons (D:4)
  4 worms
  A dart slug (D:2)
  A leopard gecko (D:1)
  11 orcs
  A ball python (D:2)
  3 giant cockroaches
  10 goblins
  7 hobgoblins
  5 jackals
  A quokka (D:3)
  13 bats
  4 frilled lizards
  12 kobolds
  5 rats
156 creatures vanquished.

Vanquished Creatures (collateral kills)
  An orc warrior (D:8)
  2 ogres
  2 bullfrogs (D:6)
  A mummy (Ossuary)
  An adder skeleton (D:7)
  3 orcs
  A jackal (D:8)
11 creatures vanquished.

Vanquished Creatures (others)
  An ice beast (D:7)
  A killer bee zombie (D:7)
2 creatures vanquished.

Grand Total: 169 creatures vanquished

Notes
Turn   | Place    | Note
-------+----------+-------------------------------------------
     0 | D:1      | Dabs the Demonspawn Fighter began the quest for the Orb.
     0 | D:1      | Reached XP level 1. HP: 18/18 MP: 1/1
   125 | D:1      | Reached skill level 2 in Maces & Flails
   127 | D:1      | Gained mutation: You have a pair of small horns on your
                  | head. [demonic ancestry]
   127 | D:1      | Reached XP level 2. HP: 22/24 MP: 2/2
   446 | D:1      | Gained mutation: When hurt, damage is shared between your
                  | health and your magic reserves. [demonic ancestry]
   446 | D:1      | Reached XP level 3. HP: 28/29 MP: 3/3
  1017 | D:2      | Reached skill level 1 in Dodging
  1023 | D:2      | Gained mutation: You are surrounded by a mild repulsion
                  | field. (EV +2) [demonic ancestry]
  1023 | D:2      | Reached XP level 4. HP: 24/35 MP: 4/4
  1327 | D:2      | Reached skill level 3 in Maces & Flails
  1327 | D:2      | Reached skill level 1 in Unarmed Combat
  2166 | D:1      | Gained mutation: You are surrounded by a moderate repulsion
                  | field. (EV +3) [demonic ancestry]
  2166 | D:1      | Reached XP level 5. HP: 33/41 MP: 5/5
  3221 | D:3      | Reached skill level 4 in Maces & Flails
  3277 | D:3      | Noticed Purgy
  3307 | D:3      | Killed Purgy
  3307 | D:3      | Gained mutation: A weak demonic guardian rushes to your
                  | aid. [demonic ancestry]
  3307 | D:3      | Reached XP level 6. HP: 41/47 MP: 3/6
  3831 | D:3      | You fall into a shaft and drop 3 floors!
  3969 | D:6      | Found Lihavest's Book Shoppe.
  4003 | D:6      | Found a glowing silver altar of Zin.
  4014 | D:6      | Reached skill level 5 in Maces & Flails
  4014 | D:6      | Gained mutation: You have a pair of horns on your head.
                  | [demonic ancestry]
  4014 | D:6      | Reached XP level 7. HP: 38/53 MP: 7/7
  4144 | D:6      | Noticed Blork the orc
  4161 | D:6      | Killed Blork the orc
  4399 | D:5      | Entered Level 5 of the Dungeon
  4726 | D:5      | Found a glowing golden altar of the Shining One.
  4893 | D:4      | Found a runed translucent gate.
  4893 | D:4      | Found a runed translucent gate.
  4898 | D:4      | Found a runed translucent gate.
  4900 | D:4      | Noticed OhItsWolfy's ghost (amateur HOFi)
  4926 | D:4      | Found a sand-covered staircase.
  4934 | Ossuary  | Entered an ossuary
  4997 | Ossuary  | Reached skill level 6 in Maces & Flails
  5058 | Ossuary  | Reached XP level 8. HP: 43/60 MP: 6/8
  5134 | Ossuary  | Reached skill level 7 in Maces & Flails
  5616 | D:4      | Found a blossoming altar of Fedhas.
  5617 | D:4      | Found a stormy altar of Qazlal.
  5978 | D:4      | Found Cairph's General Store.
  5979 | D:4      | Found Qeodat Qacs's Antique Weapon Boutique.
  5979 | D:4      | Found Timiut's Distillery.
  5984 | D:4      | Found Nuq Lur's Assorted Antiques.
  5986 | D:4      | Reached skill level 8 in Maces & Flails
  6192 | D:4      | Became a worshipper of Qazlal Stormbringer
  6238 | D:4      | Found an ornate altar of the Wu Jian Council.
  6238 | D:4      | Found a hazy altar of Hepliaklqana.
  6462 | D:5      | Reached XP level 9. HP: 65/66 MP: 9/9
  8099 | D:7      | Noticed an oklob plant
  8129 | D:7      | Noticed Pikel
  8137 | D:7      | Killed Pikel
  8137 | D:7      | Reached skill level 9 in Maces & Flails
  8137 | D:7      | Reached skill level 1 in Stealth
  8537 | D:7      | Found a staircase to the Ecumenical Temple.
  8753 | D:7      | Found a sacrificial altar of Ru.
  9062 | D:8      | Reached skill level 5 in Armour
  9113 | D:8      | Reached * piety under Qazlal
  9156 | D:8      | Found Paesm's Food Boutique.
  9237 | D:8      | Slain by an orc warrior

Levels and vault maps discovered:
D:1:      saegor_arrival_simple_a, layout_loops_ring, minivault_5
D:2:      layout_basic, minmay_heptomino_h4
D:3:      layout_basic, dk_noncrumbling_3, uniq_purgy
D:4:      layout_basic, grunt_temple_overflow_forces_of_nature,
          gammafunk_temple_overflow_wave, first_ration,
          gammafunk_ghost_necromancy, nicolae_ossuary_entry_plus,
          minmay_shop_grid_forest
D:5:      layout_layer_cave, st_stairs_7, tso_metal_star
D:6:      layout_loops_corners, serial_shops, shop, basic_altar,
          minmay_misc_feat_five, uniq_blork_the_orc
D:7:      layout_basic, temple_doors_ab, lemuel_oklob_altar, uniq_pikel,
          uniq_crazy_yiuf_cottage
D:8:      layout_cave_pools, special_room [special_room_orc], serial_shops, shop

Skill      XL: |  1  2  3  4  5  6  7  8  9 |
---------------+----------------------------+-----
Maces & Flails | 2 3 4 5 6 8 9 |  9.9
Armour         | 3 4 5 |  5.0
Dodging        | 1 2 3 |  3.5
Unarmed Combat | 1 2 3 4 |  4.2
Fighting       | 4 |  4.9
Stealth        | 1 |  1.3
Shields        | |  2.8
Evocations     | |  0.6

Action                   |  1- 3 |  4- 6 |  7- 9 || total
-------------------------+-------+-------+-------++-------
Melee: Flail             |   118 |   171 |   312 ||   601
       Headbutt          |    17 |    27 |    90 ||   134
       Punch             |       |     1 |     9 ||    10
       Whip              |       |       |   138 ||   138
Evoke: Wand              |       |       |     7 ||     7
  Use: Potion            |       |     5 |     2 ||     7
       Scroll            |       |     2 |    12 ||    14
 Stab: Distracted        |       |       |     4 ||     4
  Eat: Chunk             |     1 |     9 |    14 ||    24
       Ration            |       |       |     1 ||     1
Armor: Scale mail        |    76 |    59 |   144 ||   279
       Skin              |       |    50 |       ||    50
Dodge: Dodged            |    77 |   161 |   225 ||   463
